 Dungeon Crawl Stone Soup version 0.30-b1-2-g02819fbbbe (webtiles) character file.

Game seed: 1898784962588911938

46361 pilgrim the Fighter (level 14, -3/115 HPs)
             Began as a Demonspawn Fighter on May 27, 2023.
             Was an Initiate of Gozag.
             Slain by an enormous slime creature (46 damage)
             ... on level 12 of the Dungeon.
             The game lasted 00:38:07 (16650 turns).

pilgrim the Fighter (Demonspawn Fighter)           Turns: 16650, Time: 00:38:08

Health: -3/115     AC: 24    Str: 24    XL:     14   Next: 4%
Magic:  14/14      EV:  9    Int: 13    God:    Gozag
Gold:   4173       SH: 10    Dex:  8    Spells: 13/13 levels left

rFire   . . .        a - +2 whip (elec)
rCold   + + .        H - +0 kite shield
rNeg    . . .        f - +0 plate armour
rPois   +            (helmet unavailable)
rElec   +            u - scarf of the Mackerel {repulsion, Str+3}
rCorr   +            g - +2 pair of gloves of the Griffon {rElec rC+ Dex-5 Slay+3}
SInv    +            Q - +1 pair of boots
Will    +....        y - amulet of regeneration Stlth
                     T - ring "Kergh" {Ice rPois rCorr Int+3}
HPRegen 1.19/turn    r - ring of protection from fire
MPRegen 0.14/turn

%: repel missiles
@: no status effects
A: antennae 3, molten scales 2, powered by death 2, augmentation 1
a: Renounce Religion, Potion Petition, Call Merchant, Bribe Branch


You were on level 12 of the Dungeon.
You worshipped Gozag.
Gozag was most pleased with you.
You visited 3 branches of the dungeon, and saw 18 of its levels.
You also visited: Gauntlet.

You collected 4267 gold pieces.
You paid 94 gold pieces to Gozag.

Inventory:

Hand Weapons
 a - a +2 whip of electrocution (weapon)
Missiles
 v - a throwing net (quivered)
 V - 3 silver javelins
Armour
 f - a +0 plate armour (worn)
 g - the +2 pair of gloves of the Griffon (worn) {rElec rC+ Dex-5 Slay+3}
   (You acquired it on level 4 of the Dungeon)

   Dex:       It affects your dexterity (-5).
   Slay:      It affects your accuracy & damage with ranged weapons and melee
   (+3).
   rC:        It protects you from cold.
   rElec:     It insulates you from electricity.
 u - the scarf of the Mackerel (worn) {repulsion, Str+3}
   (You found it on level 4 of the Dungeon)

   Str:       It affects your strength (+3).
 H - a +0 kite shield (worn)
 Q - a +1 pair of boots (worn)
Jewellery
 c - a ring of resist corrosion
 q - an amulet of magic regeneration
 r - a ring of protection from fire (right hand)
 x - a +6 ring of dexterity
 y - an amulet of regeneration (around neck)
 D - a +5 ring of evasion
 G - a ring of protection from cold
 L - a +6 ring of strength
 P - a +6 ring of dexterity
 T - the ring "Kergh" (left hand) {Ice rPois rCorr Int+3}
   (You acquired it on level 4 of the Lair of Beasts)

   [ring of ice]

   It enhances your ice magic.
   Int:       It affects your intelligence (+3).
   rF:        It makes you vulnerable to fire.
   rC:        It protects you from cold.
   rPois:     It protects you from poison.
   rCorr:     It protects you from acid and corrosion.
 U - a ring of poison resistance
 W - a +4 ring of slaying
 X - a ring of magical power
 Y - a +5 ring of evasion
Wands
 I - a wand of paralysis (4)
 M - a wand of iceblast (18)
 O - a wand of digging (10)
Scrolls
 d - 2 scrolls of fear
 k - a scroll of enchant weapon
 l - 5 scrolls of poison
 m - a scroll of vulnerability
 o - 4 scrolls of amnesia
 p - a scroll of torment
 s - a scroll of blinking {unknown}
 w - 5 scrolls of teleportation
 A - 2 scrolls of butterflies
 B - 4 scrolls of identify
 C - a scroll of silence
 E - 2 scrolls of fog
 Z - a scroll of immolation {unknown}
Potions
 b - 2 potions of ambrosia
 e - 9 potions of curing
 h - 7 potions of attraction
 i - 2 potions of resistance
 j - 5 potions of lignification
 n - 3 potions of haste
 t - 2 potions of cancellation
 z - 2 potions of flight
 F - 2 potions of might
 J - 2 potions of mutation
 K - a potion of berserk rage
 R - 2 potions of heal wounds
Miscellaneous
 N - a lightning rod (4/4)
 S - a condenser vane


   Skills:
 + Level 12.0 Fighting
 + Level 10.9 Maces & Flails
 + Level 11.1 Armour
 + Level 10.7 Dodging
 + Level 9.1 Shields


You had 13 spell levels left.
You didn't know any spells.
Your spell library contained the following spells:

 Spells                   Type           Power      Damage    Failure   Level
 Apportation              Tloc           0%         N/A       99%         1
 Magic Dart               Conj           0%         1d3       99%         1
 Sting                    Tmut/Pois      0%         1d3       99%         1
 Call Imp                 Summ           0%         N/A       100%        2
 Cigotuvi's Dreadful Rot  Necr/Pois/Air  0%         N/A       100%        2
 Ensorcelled Hibernation  Hex/Ice        0%         N/A       100%        2
 Passwall                 Tmut/Erth      0%         N/A       100%        2
 Poisonous Vapours        Pois/Air       0%         N/A       100%        2
 Dazzling Flash           Conj/Hex       0%         N/A       100%        3
 Hailstorm                Conj/Ice       0%         3d3       100%        3
 Ignite Poison            Fire/Tmut/Pois 0%         N/A       100%        3
 Inner Flame              Hex/Fire       0%         N/A       100%        3
 Mephitic Cloud           Conj/Pois/Air  0%         N/A       100%        3
 Swiftness                Air            0%         N/A       100%        3
 Dispel Undead            Necr           0%         3d6       100%        4
 Ice Form                 Ice/Tmut       0%         N/A       100%        4
 Olgreb's Toxic Radiance  Pois           0%         N/A       100%        4
 Agony                    Necr           0%         N/A       100%        5
 Alistair's Intoxication  Tmut/Pois      0%         N/A       100%        5
 Iskenderun's Battlesphe  Conj           0%         2d6       100%        5
 Silence                  Hex/Air        0%         N/A       100%        5
 Yara's Violent Unravell  Hex/Tmut       0%         3d3       100%        5
 Conjure Ball Lightning   Conj/Air       0%         3x3d6     100%        6
 Death Channel            Necr           0%         N/A       100%        6
 Iron Shot                Conj/Erth      0%         9d1       100%        6
 Enfeeble                 Hex            0%         N/A       100%        7
 Spellforged Servitor     Conj/Summ      0%         N/A       100%        7
 Discord                  Hex            0%         N/A       100%        8
 Disjunction              Tloc           0%         N/A       100%        8
 Simulacrum               Ice/Necr       Unusable   N/A       N/A         6

Dungeon Overview and Level Annotations

Branches:
Dungeon (11/15)            Temple (1/1) D:6            Lair (5/5) D:9
  Swamp (0/4) Lair:3        Snake (0/4) Lair:2        Slime (0/5) Lair:5
    Orc (0/2) D:9         Gauntlet (visited)

Altars:
Ashenzari
Dithmenos
Fedhas
Gozag
Kikubaaqudgha
Makhleb
Nemelex Xobeh
Qazlal
Ru
Sif Muna
Trog
Uskayaw
Vehumet
Wu Jian
Xom
Yredelemnul
Jiyva

Shops:
D:4 :   D:8 (

Portals:
Hell: Lair:5

Annotations:
D:3 1 runed translucent door, NimIero's ghost, amateur KoBe
Lair:1 2 transporters, exclusions: 3 electric eels, oklob plant and 2 more exclusions, Vruhak's ghost, journeyman MfHu
Lair:4 exclusion: 2 oklob plants


Innate Abilities, Weirdness & Mutations

You have a pair of large antennae on your head. (SInv)
You are mostly covered in molten scales. (AC +3)
You regenerate health from kills.
Your magical and physical power is slightly enhanced at high health.


Message History

You whack the very large slime creature!
The very large slime creature is severely wounded.
Two slime creatures merge to form an enormous slime creature.
Things that are here:
a +0 short sword; a +0 leather armour You see here a +0 helmet.
You see here a +0 kite shield.
You whack the large slime creature!
The large slime creature is heavily wounded.
You whack the large slime creature!
Lightning courses through the large slime creature!!
The large slime creature is almost dead.
The large slime creature hits you!!
You whack the large slime creature!
The large slime creature is almost dead.
Two slime creatures merge to form a very large slime creature.
You whack the very large slime creature!
The very large slime creature is severely wounded.
You hit the very large slime creature.
The very large slime creature is severely wounded.
The very large slime creature hits you!!
You hit the very large slime creature.
The very large slime creature is almost dead.
You hit the very large slime creature.
The very large slime creature is almost dead.
You block the very large slime creature's attack.
You hit the very large slime creature.
Lightning courses through the very large slime creature!
The very large slime creature is almost dead.
Two slime creatures merge to form an enormous slime creature.
The enormous slime creature attacks as you move away!
You block the enormous slime creature's attack.
The enormous slime creature attacks as you move away!
You block the enormous slime creature's attack.
The enormous slime creature attacks as you move away!
The enormous slime creature hits you!!!
The enormous slime creature attacks as you move away!
The enormous slime creature hits you!!!
You die...
Your body crumbles into a pile of gold.

##### ###
#...#
..######.#.#
#.#.)..#.#.#
#.#.##.#.#.#
#.#.#....#.#
#...#..###.#
#####..J@..#
#.###### #.#
#.# #.#####
#.....#
#####.# #.#
$ #.#


You could see an enormous slime creature.

Vanquished Creatures
  A dire elephant (Lair:5)
  A minotaur (Gauntlet)
  2 hydras
  A boulder beetle (Lair:5)
  3 two-headed ogres
  A skyshark (Lair:4)
  A fire crab (Gauntlet)
  2 sixfirhies
  A deep elf pyromancer (D:12)
  A salamander (Lair:2)
  2 cyclopes
  A manticore (D:12)
  Maurice (D:9)
  6 orange demons (Lair:5)
  4 black mambas
  3 elephants (Lair:3)
  16 cane toads
  Psyche (D:11)
  5 rime drakes
  10 komodo dragons
  A hellwing (Lair:5)
  4 polar bears
  A meliai (D:9)
  A troll (D:11)
  A wolf spider simulacrum (Gauntlet)
  18 blink frogs
  2 shadows
  4 fire bats (Gauntlet)
  6 wyverns
  2 wraiths
  52 yaks
  Grum (D:11)
  5 vampire mosquitoes (Lair:2)
  3 basilisks
  Menkaure (D:5)
  3 acid dragons
  12 water moccasins
  3 hell hounds (Lair:5)
  A hydra simulacrum (Gauntlet)
  Duvessa (D:7)
  10 orc warriors
  A meliai simulacrum (Gauntlet)
  3 swamp drakes
  3 ogres
  5 ice beasts
  9 wolves
  3 centaurs
  A phantom (D:6)
  3 kobold brigands
  2 scorpions
  9 bullfrogs
  9 wights
  Dowan (D:7)
  6 killer bees (D:8)
  2 electric eels (D:9)
  5 howler monkeys
  4 lava snakes (Lair:2)
  3 jellies
  8 orc priests
  4 hounds
  10 orc wizards
  5 iguanas
  5 gnolls
  6 adders
  A shadow imp (D:6)
  3 white imps
  5 ufetubi
  A worm (D:2)
  4 dart slugs
  30 orcs
  6 ball pythons
  11 endoplasms
  4 giant cockroaches
  9 goblins
  8 hobgoblins
  3 jackals
  20 kobolds
  6 quokkas
  A bat (D:2)
  5 frilled lizards
  4 rats
423 creatures vanquished.

Vanquished Creatures (others)
  A wizard (Lair:5)
  An iguana (Lair:3)
  An orc wizard (D:7)
  A quokka (D:7)
  14 fungi
  36 plants
54 creatures vanquished.

Grand Total: 477 creatures vanquished

Notes
Turn   | Place    | Note
-------+----------+-------------------------------------------
     0 | D:1      | pilgrim the Demonspawn Fighter began the quest for the Orb.
     0 | D:1      | Reached XP level 1. HP: 18/18 MP: 1/1
   129 | D:1      | Gained mutation: You have a pair of small antennae on your
                  | head. [demonic ancestry]
   129 | D:1      | Reached XP level 2. HP: 24/24 MP: 2/2
   423 | D:1      | Reached skill level 1 in Dodging
   528 | D:1      | Gained mutation: You are partially covered in molten
                  | scales. (AC +2) [demonic ancestry]
   528 | D:1      | Reached XP level 3. HP: 27/29 MP: 3/3
  1093 | D:2      | Reached XP level 4. HP: 34/35 MP: 4/4
  1379 | D:3      | Found a runed translucent door.
  1379 | D:3      | Noticed NimIero's ghost (amateur KoBe)
  2002 | D:4      | Found Zuobecy's Book Shoppe.
  2004 | D:4      | Noticed a scorpion
  2028 | D:4      | Killed a scorpion
  2029 | D:4      | Reached skill level 4 in Fighting
  2029 | D:4      | Gained mutation: You have a pair of antennae on your head.
                  | [demonic ancestry]
  2029 | D:4      | Reached XP level 5. HP: 19/42 MP: 5/5
  2358 | D:4      | Identified the scarf of the Mackerel {repulsion, Str+3}
  2417 | D:4      | Noticed an ogre
  2426 | D:4      | Killed an ogre
  2427 | D:4      | Reached XP level 6. HP: 49/49 MP: 6/6
  2683 | D:5      | Entered Level 5 of the Dungeon
  2755 | D:5      | Found an ancient bone altar of Kikubaaqudgha.
  2783 | D:5      | Noticed an ice beast
  2791 | D:5      | Killed an ice beast
  2904 | D:5      | Gained mutation: You are mostly covered in molten scales.
                  | (AC +3) [demonic ancestry]
  2904 | D:5      | Reached XP level 7. HP: 50/55 MP: 7/7
  3090 | D:5      | Noticed Menkaure
  3109 | D:4      | Identified a scroll of acquirement
  3109 | D:4      | Acquired the +2 pair of gloves of the Griffon {rElec rC+
                  | Dex-5 Slay+3}
  3149 | D:5      | Killed Menkaure
  3241 | D:5      | Found a basalt altar of Yredelemnul.
  3262 | D:5      | Reached skill level 5 in Fighting
  3791 | D:6      | Found a staircase to the Ecumenical Temple.
  3797 | D:6      | Reached skill level 5 in Armour
  3823 | D:6      | Gained mutation: You regenerate a little health from kills.
                  | [demonic ancestry]
  3823 | D:6      | Reached XP level 8. HP: 61/63 MP: 8/8
  3848 | Temple   | Entered the Ecumenical Temple
  3882 | Temple   | Became a worshipper of Gozag Ym Sagoz the Greedy
  4551 | D:6      | Reached skill level 6 in Fighting
  4551 | D:6      | Reached skill level 5 in Maces & Flails
  4556 | D:6      | Found a stormy altar of Qazlal.
  4560 | D:6      | Found a sparkling altar of Nemelex Xobeh.
  5013 | D:7      | Noticed Duvessa
  5016 | D:7      | Noticed Dowan
  5257 | D:7      | Killed Duvessa
  5258 | D:7      | Reached skill level 5 in Dodging
  5258 | D:7      | Killed Dowan
  5352 | D:7      | Gained mutation: You regenerate health from kills. [demonic
                  | ancestry]
  5352 | D:7      | Reached XP level 9. HP: 57/71 MP: 9/9
  5610 | D:7      | Reached skill level 7 in Fighting
  6096 | D:8      | Found Kyaxijump's Weapon Shoppe.
  7263 | D:9      | Gained mutation: You have a pair of large antennae on your
                  | head. (SInv) [demonic ancestry]
  7263 | D:9      | Reached XP level 10. HP: 40/80 MP: 10/10
  7349 | D:9      | Reached skill level 8 in Fighting
  7597 | D:9      | Found a staircase to the Orcish Mines.
  7602 | D:9      | Noticed Maurice
  7711 | D:9      | Killed Maurice
  7831 | D:9      | Found a staircase to the Lair.
  8022 | D:10     | Entered Level 10 of the Dungeon
  8656 | D:10     | Gained mutation: Your magical and physical power is
                  | slightly enhanced at high health. [demonic ancestry]
  8656 | D:10     | Reached XP level 11. HP: 87/87 MP: 11/11
  8837 | D:11     | Noticed Grum
  8891 | D:11     | Noticed a two-headed ogre
  8894 | D:11     | Killed Grum
  8903 | D:11     | Killed a two-headed ogre
  8904 | D:11     | Reached skill level 9 in Fighting
  8904 | D:11     | Reached skill level 5 in Shields
  9026 | D:11     | Noticed a two-headed ogre
  9036 | D:11     | Killed a two-headed ogre
  9101 | D:11     | Noticed Psyche
  9109 | D:11     | Killed Psyche
  9445 | Lair:1   | Entered Level 1 of the Lair of Beasts
 10222 | Lair:1   | Found a transporter.
 10236 | Lair:1   | Found a transporter.
 10237 | Lair:1   | Noticed an eight-headed hydra
 10245 | Lair:1   | Noticed Vruhak's ghost (journeyman MfHu)
 10477 | Lair:1   | Noticed an oklob plant
 10489 | Lair:1   | Noticed a six-headed hydra
 10874 | Lair:2   | Reached XP level 12. HP: 79/97 MP: 12/12
 10922 | Lair:2   | Reached skill level 10 in Fighting
 11154 | Lair:2   | Noticed a four-headed hydra
 11167 | Lair:2   | Killed a four-headed hydra
 11197 | Lair:2   | Identified the +0 robe of Focor {rCorr}
 11520 | Lair:2   | Found a staircase to the Snake Pit.
 11949 | Lair:3   | Found a staircase to the Swamp.
 11994 | Lair:3   | Found a gate leading to a gauntlet.
 12004 | Gauntlet | Entered a Gauntlet
 12004 | Gauntlet | Found a transporter.
 12004 | Gauntlet | Found a runed translucent door.
 12004 | Gauntlet | Found a transporter.
 12011 | Gauntlet | Found a runed translucent door.
 12011 | Gauntlet | Found a runed translucent door.
 12022 | Gauntlet | Found a transporter.
 12026 | Gauntlet | Found a transporter.
 12034 | Gauntlet | Found a transporter.
 12038 | Gauntlet | Found a transporter.
 12046 | Gauntlet | Found a transporter.
 12062 | Gauntlet | Found a transporter.
 12062 | Gauntlet | Noticed a cacodemon
 12076 | Gauntlet | Found a transporter.
 12080 | Gauntlet | Found a transporter.
 12088 | Gauntlet | Found a transporter.
 12092 | Gauntlet | Found a transporter.
 12353 | Gauntlet | Reached skill level 10 in Armour
 12488 | Gauntlet | Noticed a minotaur
 12504 | Gauntlet | Killed a minotaur
 12527 | Gauntlet | Got the Writings on Toxicants and the Discharge
 12530 | Gauntlet | Got the Cyclopedia of the Scorpion
 12756 | Lair:3   | Reached skill level 11 in Fighting
 12756 | Lair:3   | Reached XP level 13. HP: 106/106 MP: 13/13
 13627 | Lair:4   | Reached skill level 10 in Maces & Flails
 13912 | Lair:4   | Acquired the ring "Kergh" {Ice rPois rCorr Int+3}
 14037 | Lair:4   | Reached skill level 10 in Dodging
 14440 | Lair:5   | Entered Level 5 of the Lair of Beasts
 14578 | Lair:5   | Found a viscous altar of Jiyva.
 14579 | Lair:5   | Found a staircase to the Slime Pits.
 15534 | Lair:5   | Noticed a dire elephant
 15549 | Lair:5   | Killed a dire elephant
 15856 | Lair:5   | Found a burning altar of Makhleb.
 16205 | Lair:5   | Found a gateway to Hell.
 16524 | D:9      | You fall into a shaft and drop 3 floors!
 16535 | D:12     | Reached skill level 12 in Fighting
 16535 | D:12     | Reached XP level 14. HP: 89/115 MP: 14/14
 16650 | D:12     | Slain by an enormous slime creature

Illustrated notes

Levels and vault maps discovered:
D:1:      ncdulo_lavacross, layout_loops_ring
D:2:      layout_rooms, basic_altar, fountainhead
D:3:      layout_basic, zin_academy, gammafunk_ghost_grave
D:4:      layout_cave_pools, serial_shops, shop, minmay_misc_feat_rugged,
          hangedman_abyss_or_decor_lesser_grid, minmay_cupped
D:5:      layout_layer_cave, mainiacjoe_overflow_tiny_flanked,
          mainiacjoe_overflow_surrounded_room, minmay_tree_intersection,
          uniq_menkaure
D:6:      layout_basic, mainiacjoe_overflow_catch_the_wave, temple_pool_b
D:7:      layout_basic, elyvilon_altar_4, serial_glass, glass_columns_a,
          glass_columns_a, st_stairs_1, uniq_duvessa
D:8:      layout_loops_corners, serial_shops, shop
D:9:      kennysheep_big_flooded_room, layout_cave_pools,
          minmay_lair_entry_grove, david_orc_3, uniq_maurice
D:10:     layout_basic
D:11:     layout_rooms, uniq_grum, uniq_psyche
D:12:     layout_basic, uniq_snorg
Temple:   nicolae_temple_bog_church
Lair:1:   layout_hall_layers, nzn_ghost_randoct, disabler_island
Lair:2:   layout_roguey, nicolae_snake_entry_warm_welcome, pond
Lair:3:   layout_cellular_growth, minmay_swamp_entry_reptiles,
          gauntlet_entry_generic, serial_bayou_shore_b
Lair:4:   layout_hall_layers, dpeg_oklob_1
Lair:5:   evil_forest, layout_cellular_growth, slime_entry_1,
          lemuel_fruit_fields, infiniplex_staircase_pool

Skill      XL: |  1  2  3  4  5  6  7  8  9 10 11 12 13 |
---------------+----------------------------------------+-----
Maces & Flails | 2 3 4 5 6 7 8 9 10 | 10.9
Armour         | 3 4 5 6 7 8 9 10 11 | 11.1
Dodging        | 1 2 3 4 5 6 7 8 9 10 | 10.7
Fighting       | 4 5 6 7 8 9 11 12 | 12.0
Shields        | 3 4 6 7 9 |  9.1

Action                     |  1- 3 |  4- 6 |  7- 9 | 10-12 | 13-15 || total
---------------------------+-------+-------+-------+-------+-------++-------
  Melee: Flail             |    23 |       |       |       |       ||    23
         Whip              |    66 |   119 |   370 |   803 |   522 ||  1880
  Evoke: Wand              |       |       |       |     2 |       ||     2
    Use: Scroll            |       |       |    10 |     9 |    10 ||    29
         Potion            |       |       |     1 |     4 |       ||     5
   Stab: Distracted        |       |       |     1 |     2 |     1 ||     4
 Armour: Plate armour      |    34 |    52 |   179 |   382 |   268 ||   915
         Scale mail        |     1 |       |       |       |       ||     1
  Dodge: Dodged            |    23 |    29 |   107 |   279 |   136 ||   574
         Repelled          |       |       |     2 |     8 |     4 ||    14
  Block: Buckler           |    11 |    45 |    89 |       |       ||   145
         Reflection        |       |     1 |     5 |       |       ||     6
         Kite shield       |       |       |    24 |   281 |   227 ||   532
